 Dungeon Crawl Stone Soup version 0.19-a0-1568-gdd01aac (webtiles) character file.

139 Amnesiac the Digger (level 5, -6/28 HPs)
             Began as a Deep Elf Earth Elementalist on Sept 16, 2016.
             Was an Initiate of Ashenzari.
             Killed from afar by Natasha (9 damage)
             ... with a magic dart
             ... on level 3 of the Dungeon.
             The game lasted 00:08:52 (2304 turns).

Amnesiac the Digger (Deep Elf Earth Elementalist)   Turns: 2304, Time: 00:08:53

Health: -6/28      AC:  2    Str:  5    XL:     5   Next: 1%
Magic:  11/11      EV: 13    Int: 20    God:    Ashenzari [......]
Gold:   156        SH:  0    Dex: 16    Spells: 3 memorised, 3 levels left

rFire  . . .     SeeInvis .     f - +2 dagger (venom) (curse)
rCold  . . .     Gourm    .     c - +0 robe
rNeg   . . .     Faith    .     (no shield)
rPois  .         Spirit   .     (no helmet)
rElec  .         Dismiss  .     (no cloak)
rCorr  .         Reflect  .     (no gloves)
MR     .....     Harm     .     (no boots)
Stlth  ++........               (no amulet)
                                (no ring)
                                (no ring)

@: no status effects
A: no striking features
a: Curse Item, Renounce Religion


You were on level 3 of the Dungeon.
You worshipped Ashenzari.
Ashenzari was noncommittal.
You were not hungry.

You visited 1 branch of the dungeon, and saw 3 of its levels.

You collected 156 gold pieces.

Inventory:

Hand Weapons
 f - a cursed +2 dagger of venom (weapon)
 t - a +2 dagger of flaming
Missiles
 b - 104 stones (quivered)
Armour
 c - a +0 robe (worn)
Wands
 i - a wand of paralysis (5/24)
Scrolls
 a - 4 scrolls of teleportation {unknown}
 g - 2 scrolls of blinking {unknown}
 k - a scroll of magic mapping {unknown}
 m - 2 scrolls of identify {unknown}
 p - a scroll of random uselessness {unknown}
 q - a scroll of recharging {unknown}
 v - a scroll of fog {unknown}
Potions
 h - 2 potions of curing {unknown}
 j - a potion of lignification {unknown}
 l - a potion of might {unknown}
 n - a potion of berserk rage {unknown}
 s - 3 potions of cancellation {unknown}
 u - a potion of brilliance {unknown}
Books
 e - a book of Geomancy

   Spells                             Type                      Level
   a - Sandblast                      Earth                        1
   b - Passwall                       Transmutation/Earth          2
   c - Stone Arrow                    Conjuration/Earth            3
   d - Petrify                        Transmutation/Earth          4
   e - Lee's Rapid Deconstruction     Earth                        5
Comestibles
 d - a bread ration
 o - a meat ration
 r - a beef jerky


   Skills:
 + Level 1.2 Short Blades
 - Level 2.4 Dodging
 - Level 2.4 Stealth
 - Level 3.0 Spellcasting
 - Level 1.1 Transmutations
 - Level 6.0 Earth Magic


You had 3 spell levels left.
You knew the following spells:

 Your Spells              Type           Power        Failure   Level  Hunger
e - Petrify               Tmut/Erth      ###.....     38%         4    ####...
v - Passwall              Tmut/Erth      ###.......   6%          2    ##.....
z - Sandblast             Erth           ####..       1%          1    None


Dungeon Overview and Level Annotations

Branches:
Dungeon (3/15)

Altars:
Ashenzari
Hepliaklqana

Annotations:
D:3 Natasha


Message History

Casting: Sandblast
Confirm with . or Enter, or press ? or * to list all spells.
You don't know that spell.
Unknown command.
You can't unwield your weapon to draw a new one!
Okay, then.
Evoke which item? (* to show all) (? for menu, Esc to quit)
Okay, then.
Casting: Sandblast
Confirm with . or Enter, or press ? or * to list all spells.
Okay, then.
Evoke which item? (* to show all) (? for menu, Esc to quit)
Zapping:
i - a wand of paralysis (will waste charges)
Press: ? - help, Shift-Dir - straight line, f - Natasha
Aim: Natasha (severely wounded, poisoned, chance to defeat MR: 46%) Natasha resists with some effort.
Evoking this partially-identified wand wasted a few charges.
Natasha casts a spell at you. The magic dart hits you!
You die...

### [.#
#.########################
...............h@.......>#
#.#.####################.#
#.#.# #.# #.#.# #.# #.#.#
#######.# ..#.###
#.^.....# ###...#
#.##....# ###.# # #.#.##
#.# #.#.#


You could see Natasha.

Vanquished Creatures
  A bullfrog (D:3)
  An adder (D:2)
  An ooze (D:1)
  2 dart slugs (D:2)
  A leopard gecko (D:2)
  A giant cockroach (D:2)
  14 goblins
  5 hobgoblins
  8 jackals
  3 bats
  3 frilled lizards
  8 kobolds
  7 rats
  A plant (D:2)
56 creatures vanquished.

Notes
Turn   | Place    | Note
-------+----------+-------------------------------------------
     0 | D:1      | Amnesiac the Deep Elf Earth Elementalist began the quest for the Orb.
     0 | D:1      | Reached XP level 1. HP: 10/10 MP: 6/6
    32 | D:1      | Reached XP level 2. HP: 15/15 MP: 2/8
    64 | D:1      | Reached skill level 4 in Earth Magic
   325 | D:2      | Reached XP level 3. HP: 19/19 MP: 6/9
   403 | D:3      | Learned a level 2 spell: Passwall
   418 | D:3      | Noticed a bullfrog
   422 | D:3      | Killed a bullfrog
   422 | D:3      | Reached skill level 5 in Earth Magic
   422 | D:3      | Reached XP level 4. HP: 9/24 MP: 5/10
   681 | D:3      | Found a shattered altar of Ashenzari.
   716 | D:3      | Became a worshipper of Ashenzari the Shackled
  1094 | D:1      | Reached skill level 6 in Earth Magic
  1133 | D:1      | Learned a level 4 spell: Petrify
  1224 | D:2      | Found a hazy altar of Hepliaklqana.
  1435 | D:2      | Reached skill level 1 in Short Blades
  1715 | D:2      | Reached XP level 5. HP: 28/28 MP: 11/11
  2290 | D:3      | Noticed Natasha
  2304 | D:3      | Killed from afar by Natasha

Vault maps used:
D:1:      co_arrival_square_in_a_square_in_a_square, minivault_23
D:2:      lemuel_crystal_altar, serial_bayou, serial_bayou_pond_b,
          serial_bayou_lagoon_a, serial_bayou_shore_b, serial_bayou_crossing,
          serial_bayou_lake_a
D:3:      cheibrodos_ashenzari_chains, uniq_natasha

Skill      XL: |  1  2  3  4 |
---------------+-------------+-----
Earth Magic    | 4 5 6 |  6.0
Short Blades   | 1 |  1.2
Dodging        | |  2.4
Stealth        | |  2.4
Spellcasting   | |  3.0
Transmutations | |  1.1

Action                   |  1- 3 |  4- 6 || total
-------------------------+-------+-------++-------
Melee: Dagger            |       |    91 ||    91
 Cast: Sandblast         |    29 |    27 ||    56
Invok: Curse Item        |       |     1 ||     1
Evoke: Wand              |       |     1 ||     1
 Stab: Distracted        |       |     1 ||     1
       Sleeping          |       |     1 ||     1
  Eat: Chunk             |       |     5 ||     5
Armor: Robe              |     2 |     8 ||    10
Dodge: Dodged            |     4 |    27 ||    31
